Map: Mech Depot LE

Players

uThermal

  • Race: Terran Terran
  • Spawn Location: 7:00

Nerchio - Winner!

  • Race: Zerg Zerg
  • Spawn Location: 1:00

Event: WCS Montreal 2017

VOD

Have the link to the VOD?

Description

Time

  • Played on: Sept. 8, 2017, 8:05 p.m.
  • Length: 10:07

All games in this series

Show
View Real Time Build Order
Export as new Build Order

uThermal Terran 

Build Orders: Liberator Opening, Reaper Expand, Mech 

Get SALT Encoding   

  12  0:01  SCV  
  13  0:13  SCV  
  14  0:18  Supply Depot  
  14  0:26  SCV  
  15  0:40  SCV  
  15  0:41  Barracks  
  16  0:45  Refinery  
  16  0:52  SCV  
  17  1:04  SCV  
  18  1:16  SCV  
  19  1:28  Reaper  
  19  1:29  Orbital Command  
  20  1:41  Command Center  
  20  1:55  SCV  
  20  1:57  Supply Depot  
  20  2:00  Marine  
  22  2:05  Factory  
  22  2:09  SCV  
  22  2:14  Refinery  
  23  2:21  SCV  
  23  2:22  Barracks Reactor  
  24  2:33  SCV  
  25  2:45  SCV  
  26  2:52  Starport  
  26  2:54  Orbital Command  
  26  2:57  SCV  
  27  3:04  Hellion x2  
  31  3:07  Marine  
  31  3:09  SCV  
  33  3:24  SCV  
  33  3:27  Widow Mine  
  33  3:28  Widow Mine  
  33  3:29  SCV  
  33  3:32  Medivac  
  40  3:36  SCV  
  41  3:41  SCV  
  41  3:46  Supply Depot, Barracks Tech Lab  
  42  3:51  Liberator  
  42  3:53  SCV x2  
  43  3:57  Hellion  
  43  3:59  Supply Depot  
  45  4:08  SCV x2, Hellion  
  52  4:10  Supply Depot  
  52  4:22  Command Center  
  52  4:25  Hellion  
  52  4:29  Hellion  
  56  4:32  SCV x2  
  58  4:44  SCV x2  
  58  4:56  SCV x2  
  58  4:58  Armory  
  58  4:59  Armory  
  60  5:01  Refinery  
  60  5:03  Refinery  
  62  5:08  SCV  
  62  5:13  Hellion  
  62  5:14  SCV, Hellion  
  62  5:19  Supply Depot  
  62  5:20  SCV  
  63  5:26  Supply Depot, SCV  
  64  5:32  SCV  
  65  5:37  Orbital Command  
  65  5:38  SCV  
  66  5:43  Factory  
  66  5:44  SCV  
  66  5:49  Barracks Tech Lab  
  67  5:50  SCV  
  67  5:52  Starport Reactor  
  67  5:53  Hellion x2  
  67  5:54  Factory  
  67  5:56  SCV  
  73  6:02  SCV  
  74  6:06  Terran Vehicle And Ship Armor Level 1, Terran Vehicle Weapons Level 1  
  74  6:08  SCV  
  75  6:14  SCV  
  76  6:20  Orbital Command  
  76  6:21  SCV  
  76  6:24  Hellion x2  
  81  6:26  SCV  
  82  6:33  SCV  
  82  6:38  SCV, Engineering Bay  
  84  6:42  Thor  
  84  6:45  SCV  
  84  6:46  Thor  
  94  6:51  Medivac x2  
  98  6:55  Hellion  
  98  7:00  Supply Depot  
  100  7:02  Hellion  
  100  7:04  SCV x2  
  100  7:05  Refinery, Missile Turret  
  100  7:06  Refinery  
  100  7:07  Missile Turret  
  100  7:09  Missile Turret  
  100  7:10  SCV  
  101  7:19  SCV  
  101  7:22  Medivac x2  
  104  7:27  SCV  
  96  7:30  SCV, Thor  
  96  7:34  Siege Tank, Hellion x2  
  96  7:36  SCV  
  102  7:42  SCV  
  103  7:47  Factory  
  103  7:48  Factory, SCV  
  102  7:51  Missile Turret  
  102  7:52  SCV  
  102  7:55  SCV  
  104  8:01  SCV, Hellion x2  
  109  8:08  Supply Depot, SCV  
  109  8:11  Supply Depot, Hellion  
  110  8:18  Supply Depot  
  110  8:22  Supply Depot  
  110  8:29  Hellion  
  110  8:31  Hellion  
  114  8:40  Factory Tech Lab, Factory Reactor  
  114  8:47  Command Center  
  114  8:49  Siege Tank  
  114  8:50  Siege Tank  
  114  8:53  Hellion  
  122  8:56  Viking  
  122  8:59  Viking  
  126  9:07  Siege Tank, Hellion  
  131  9:14  Hellion  
  119  9:20  Hellion  
  119  9:21  Hellion  
  119  9:23  Hellion  
  118  9:25  Hellion  
  118  9:28  Hellion  
  107  9:36  Hellion  
  108  9:39  Hellion  
  108  9:41  Hellion  
  108  9:44  Hellion x2  
Show
View Real Time Build Order
Export as new Build Order

Nerchio Zerg - Winner!

Build Orders: Hatch First 

Get SALT Encoding   

  12  0:00  Drone  
  13  0:12  Overlord  
  13  0:17  Drone  
  14  0:31  Drone x2  
  14  0:34  Drone  
  17  0:53  Hatchery  
  17  0:55  Drone  
  17  0:58  Drone  
  18  1:09  Extractor  
  17  1:14  Spawning Pool  
  17  1:17  Drone  
  17  1:20  Drone  
  18  1:28  Drone  
  19  1:38  Overlord  
  19  1:50  Drone  
  20  2:00  Queen  
  22  2:01  Zergling x2  
  22  2:04  Queen  
  22  2:05  Zergling x2  
  26  2:09  Metabolic Boost  
  26  2:13  Drone  
  27  2:16  Drone  
  27  2:22  Drone  
  29  2:26  Drone  
  29  2:28  Extractor  
  29  2:33  Drone  
  29  2:36  Queen  
  32  2:37  Drone  
  32  2:44  Overlord  
  34  2:47  Extractor  
  34  2:48  Queen  
  34  2:51  Drone  
  36  3:02  Drone  
  36  3:03  Drone  
  36  3:04  Drone  
  40  3:09  Drone x2  
  40  3:10  Drone x2  
  44  3:16  Overlord  
  44  3:18  Overlord  
  44  3:22  Drone  
  44  3:24  Overlord  
  44  3:28  Drone  
  44  3:35  Drone  
  44  3:37  Queen  
  44  3:38  Queen  
  44  3:40  Extractor  
  48  3:44  Drone x2  
  50  3:52  Hatchery  
  50  3:55  Drone  
  51  3:56  Drone  
  51  3:58  Drone x2  
  54  4:03  Drone  
  54  4:05  Drone x2  
  57  4:10  Overlord  
  57  4:13  Drone x2, Evolution Chamber  
  58  4:17  Drone  
  58  4:20  Lair  
  58  4:22  Extractor, Drone  
  58  4:23  Extractor  
  58  4:27  Drone  
  58  4:31  Spore Crawler x2, Drone  
  58  4:32  Drone  
  58  4:33  Zergling x2  
  58  4:34  Zergling x2  
  61  4:42  Zergling x4  
  61  4:43  Zergling x2  
  64  4:52  Drone x3  
  61  4:59  Drone  
  62  5:01  Drone x3  
  62  5:02  Drone x2  
  62  5:03  Drone  
  62  5:05  Drone  
  69  5:08  Drone  
  69  5:13  Drone  
  69  5:14  Drone x2  
  69  5:20  Roach Warren  
  70  5:24  Spore Crawler  
  70  5:27  Drone x3  
  72  5:31  Queen  
  74  5:36  Drone x2  
  74  5:39  Drone x2  
  74  5:40  Drone, Spire  
  74  5:41  Drone  
  79  5:44  Drone  
  79  5:46  Extractor  
  79  5:47  Overlord  
  79  5:49  Overlord  
  79  5:52  Extractor, Drone  
  79  5:53  Extractor, Overseer  
  78  5:59  Overlord, Glial Reconstitution  
  78  6:03  Overlord  
  78  6:21  Roach  
  78  6:22  Roach x9  
  78  6:24  Roach  
  100  6:26  Roach  
  102  6:35  Drone  
  102  6:36  Drone x4  
  102  6:37  Drone x2  
  102  6:38  Drone  
  111  6:40  Drone  
  111  6:41  Drone  
  111  6:46  Drone x2  
  114  6:50  Hydralisk Den, Zerg Missile Weapons Level 1  
  111  7:03  Overlord  
  111  7:05  Drone x2  
  111  7:06  Drone  
  111  7:07  Hatchery  
  113  7:10  Overlord, Infestation Pit  
  111  7:24  Hydralisk x5  
  111  7:28  Hydralisk x3  
  111  7:29  Hydralisk  
  126  7:33  Hydralisk  
  126  7:36  Overlord  
  127  7:40  Muscular Augments, Hydralisk  
  129  7:48  Overlord  
  129  7:49  Drone x2  
  129  7:53  Overlord  
  129  7:54  Hive  
  129  8:03  Overlord  
  129  8:11  Hydralisk x7  
  129  8:12  Hydralisk  
  145  8:20  Overlord x2  
  145  8:23  Hydralisk x2  
  145  8:26  Hydralisk x2  
  151  8:31  Drone  
  151  8:32  Drone x4  
  158  8:34  Extractor  
  158  8:37  Pneumatized Carapace  
  157  8:46  Hydralisk x5  
  167  8:50  Overlord  
  167  8:51  Hydralisk x2  
  167  8:53  Overlord  
  171  9:02  Overlord  
  169  9:14  Hydralisk  
  169  9:15  Hydralisk x7  
  181  9:22  Hydralisk  
  181  9:23  Hydralisk x4  
  183  9:29  Roach  
  183  9:30  Roach x4  
  185  9:37  Roach x4  
  185  9:38  Roach  
  191  9:39  Roach  
  191  9:41  Roach  
  191  9:43  Roach  
  191  9:44  Roach  
  189  9:45  Roach  
Tags
 
Add a new tag
Caveats
  • Supply blocks, unpowered buildings, or Contaminate may cause inaccurate times.
  • Supply counts are checked every 10 seconds.